 Dungeon Crawl Stone Soup version 0.28.0-53-g5a82cb258f (webtiles) character file.

Game seed: 13809686560092203931

15716 diceflayer the Cleaver (level 12, -4/98 (107) HPs)
             Began as a Minotaur Fighter on June 10, 2022.
             Was a High Priest of Okawaru.
             Slain by a +8 battleaxe of Eternity {chaos, rN+ Will+ Str+5} (36 damage)
             ... on level 12 of the Dungeon.
             The game lasted 00:10:54 (10998 turns).

diceflayer the Cleaver (Minotaur Fighter)          Turns: 10998, Time: 00:10:55

HP:   -4/98 (107)   AC: 12    Str: 26    XL:     12   Next: 3%
MP:   9/11          EV: 13    Int:  5    God:    Okawaru [*****.]
Gold: 622           SH:  0    Dex: 15    Spells: 11/11 levels left

rFire   . . .      SeeInvis .   j - +7 trident of Dick {holy, rC+ Str+3 Dex+2}
rCold   + . .      Faith    .   c - +0 buckler
rNeg    . . .      Spirit   .   F - +0 troll leather armour
rPois   +          Reflect  .   (helmet restricted)
rElec   .          Harm     .   R - +2 cloak
rCorr   .          Rampage  .   (no gloves)
Will    .....                   (no boots)
Stlth   ++........              N - amulet of regeneration
HPRegen 1.86/turn               s - ring of poison resistance
MPRegen 0.12/turn               q - +4 ring of protection

@: confused, mighty, drained
A: horns 2, retaliatory headbutt
a: Renounce Religion, Heroism, Finesse, Duel


You were on level 12 of the Dungeon.
You worshipped Okawaru.
Okawaru was extremely pleased with you.
You visited 2 branches of the dungeon, and saw 13 of its levels.
You also visited: Sewer.

You collected 622 gold pieces.

Inventory:

Hand Weapons
 a - a +0 war axe
 j - the +7 trident of Dick (weapon) {holy, rC+ Str+3 Dex+2}
   (You found it on level 2 of the Dungeon)

   It has been blessed by the Shining One to cause great damage to the undead
   and demons.
   Str:       It affects your strength (+3).
   Dex:       It affects your dexterity (+2).
   rC:        It protects you from cold.
 k - a +0 arbalest
 H - a +0 war axe of freezing
Missiles
 g - 15 bolts
Armour
 b - +0 acid dragon scales
 c - a +0 buckler (worn)
 F - a +0 troll leather armour (worn)
 I - a +1 scale mail of poison resistance
 R - a +2 cloak (worn)
Jewellery
 f - a ring of protection from cold
 q - a +4 ring of protection (right hand)
 s - a ring of poison resistance (left hand)
 v - a ring of magical power
 N - an amulet of regeneration (around neck)
Wands
 e - a wand of digging (3)
 y - a wand of flame (18)
 O - a wand of acid (5)
 Q - a wand of paralysis (1)
Scrolls
 h - 6 scrolls of teleportation
 i - a scroll of blinking
 n - 4 scrolls of immolation
 p - 2 scrolls of noise {unknown}
 t - 2 scrolls of magic mapping {unknown}
 u - a scroll of amnesia {unknown}
 C - 7 scrolls of identify
 E - 2 scrolls of brand weapon {unknown}
 G - 2 scrolls of silence {unknown}
 K - a scroll of fear
 M - a scroll of summoning {unknown}
 P - a scroll of holy word {unknown}
Potions
 d - a potion of might
 l - a potion of ambrosia
 m - 5 potions of mutation {unknown}
 o - a potion of invisibility {unknown}
 r - 4 potions of attraction {unknown}
 w - a potion of brilliance {unknown}
 x - 5 potions of curing {unknown}
 z - 2 potions of degeneration {unknown}
 A - 2 potions of heal wounds {unknown}
 B - a potion of haste
 D - a potion of cancellation {unknown}
 J - a potion of lignification {unknown}
 L - 2 potions of flight {unknown}


   Skills:
 - Level 10.5 Fighting
 - Level 14.0 Axes
 + Level 3.9 Crossbows
 - Level 8.0 Armour
 - Level 5.0 Dodging
 - Level 10.0 Stealth
 - Level 3.6 Shields


You had 11 spell levels left.
You didn't know any spells.
Your spell library contained the following spells:

 Spells                   Type           Power      Damage    Failure   Level
 Apportation              Tloc           0%         N/A       61%         1
 Magic Dart               Conj           0%         1d3       61%         1
 Sting                    Tmut/Pois      0%         1d3       61%         1
 Ensorcelled Hibernation  Hex/Ice        0%         N/A       75%         2
 Passwall                 Tmut/Erth      0%         N/A       75%         2
 Poisonous Vapours        Pois/Air       0%         N/A       75%         2
 Searing Ray              Conj           0%         2d4       75%         2
 Gell's Gravitas          Tloc           0%         N/A       93%         3
 Ignite Poison            Fire/Tmut/Pois 0%         N/A       93%         3
 Lesser Beckoning         Tloc           0%         N/A       93%         3
 Mephitic Cloud           Conj/Pois/Air  0%         N/A       93%         3
 Ozocubu's Armour         Ice            0%         N/A       93%         3
 Swiftness                Air            0%         N/A       93%         3
 Teleport Other           Tloc           0%         N/A       93%         3
 Fulminant Prism          Conj/Hex       0%         3d6       100%        4
 Olgreb's Toxic Radiance  Pois           0%         N/A       100%        4
 Fireball                 Conj/Fire      0%         3d3       100%        5
 Freezing Cloud           Conj/Ice/Air   0%         6-21      100%        5
 Metabolic Englaciation   Hex/Ice        0%         N/A       100%        5
 Starburst                Conj/Fire      0%         6d3       100%        6
 Ignition                 Fire           0%         3d3       100%        8
 Animate Skeleton         Necr           Unusable   N/A       N/A         1
 Summon Small Mammal      Summ           Unusable   N/A       N/A         1
 Call Imp                 Summ           Unusable   N/A       N/A         2
 Animate Dead             Necr           Unusable   N/A       N/A         4
 Simulacrum               Ice/Necr       Unusable   N/A       N/A         6
 Haunt                    Necr/Summ      Unusable   N/A       N/A         7
 Infestation              Necr           Unusable   N/A       N/A         8

Dungeon Overview and Level Annotations

Branches:
Dungeon (12/15)            Temple (1/1) D:5            Lair (0/6) D:9
    Orc (0/2) D:11          Sewer (visited)

Altars:
Ashenzari
Cheibriados
Dithmenos
Elyvilon
Fedhas
Gozag
Hepliaklqana
Kikubaaqudgha
Makhleb
Nemelex Xobeh
Okawaru
Qazlal
Ru
Sif Muna
Trog
Uskayaw
Vehumet
Wu Jian
Xom
Yredelemnul
Zin
The Shining One

Shops:
D:1 *[   D:2 *

Annotations:
D:9 dig
D:12 Manslay's ghost, journeyman OpCj


Innate Abilities, Weirdness & Mutations

You have a pair of horns on your head.
You reflexively headbutt those who attack you in melee.


Message History

You see here the +1 broad axe of Glory {freeze, Int+5}.
You open the door.
You closely miss the +8 battleaxe of Eternity {chaos, rN+ Will+ Str+5}.
Your headbutt misses the +8 battleaxe of Eternity {chaos, rN+ Will+ Str+5}.
The +8 battleaxe of Eternity {chaos, rN+ Will+ Str+5} hits you!!
You feel drained.
The +8 battleaxe of Eternity {chaos, rN+ Will+ Str+5} barely misses you.
You furiously retaliate!
You headbutt the +8 battleaxe of Eternity {chaos, rN+ Will+ Str+5}, but do no damage.
You hit the +8 battleaxe of Eternity {chaos, rN+ Will+ Str+5}.
The +8 battleaxe of Eternity {chaos, rN+ Will+ Str+5} is lightly damaged.
The +8 battleaxe of Eternity {chaos, rN+ Will+ Str+5} barely misses you.
You hit the +8 battleaxe of Eternity {chaos, rN+ Will+ Str+5}.
The +8 battleaxe of Eternity {chaos, rN+ Will+ Str+5} is lightly damaged.
You block the +8 battleaxe of Eternity {chaos, rN+ Will+ Str+5}'s attack.
You closely miss the +8 battleaxe of Eternity {chaos, rN+ Will+ Str+5}.
Your headbutt misses the +8 battleaxe of Eternity {chaos, rN+ Will+ Str+5}.
The +8 battleaxe of Eternity {chaos, rN+ Will+ Str+5} is lightly damaged.
The +8 battleaxe of Eternity {chaos, rN+ Will+ Str+5} hits you!
You feel your power leaking away.
Unknown command.
You completely miss the +8 battleaxe of Eternity {chaos, rN+ Will+ Str+5}.
The +8 battleaxe of Eternity {chaos, rN+ Will+ Str+5} is lightly damaged.
The +8 battleaxe of Eternity {chaos, rN+ Will+ Str+5} hits you!
You are confused.
The +8 battleaxe of Eternity {chaos, rN+ Will+ Str+5} barely misses you.
You bump into the translucent stone wall.
The +8 battleaxe of Eternity {chaos, rN+ Will+ Str+5} hits you!
You feel drained.
You're too confused to move!
The +8 battleaxe of Eternity {chaos, rN+ Will+ Str+5} hits you but does no damage.
Space warps horribly around you!
The +8 battleaxe of Eternity {chaos, rN+ Will+ Str+5} barely misses you.
Manslay's ghost stares at you and mumbles some strange words.
The magic dart hits you. Manslay's ghost casts a spell at you.
The magic dart hits you.
You feel very mighty all of a sudden.
The +8 battleaxe of Eternity {chaos, rN+ Will+ Str+5} hits you!!!
You die...

#### #.. #.# #@#
#### #(###....
#........
###.W##.###
##?#..##.#
#._'...#.######
###$#..........#
####.###..#).####.
#.......###..#


You could see a +8 battleaxe of Eternity {chaos, rN+ Will+ Str+5} and Manslay's
ghost.

Vanquished Creatures
  2 boulder beetles
  Harold (D:8)
  2 two-headed ogres
  Nergalle (D:10)
  Pikel (D:5)
  2 ugly things (D:11)
  A manticore (D:12)
  Maurice (D:10)
  3 centaur zombies
  Joseph (D:10)
  Maggie (D:8)
  Psyche (D:8)
  A komodo dragon (D:9)
  2 trolls
  Prince Ribbit (D:5)
  A shadow (D:11)
  Sigmund (D:6)
  5 wraiths
  A wyvern (D:9)
  A vampire (D:12)
  15 yaks
  Menkaure (D:5)
  3 water moccasins
  An ice beast (D:7)
  3 orc warriors
  3 black bears
  A necrophage (D:5)
  3 ogres
  A lemure (D:5)
  4 centaurs
  2 phantoms
  Blork the orc (D:5)
  3 bullfrogs
  3 kobold brigands
  A wyvern zombie (D:7)
  2 gnoll sergeants
  4 scorpions
  3 water moccasin skeletons
  A wight (D:7)
  8 howler monkeys
  A hound (D:6)
  5 orc priests
  A centaur skeleton (D:4)
  A gnoll shaman (D:4)
  2 bullfrog skeletons
  An iguana (D:7)
  11 orc wizards
  A hell rat (Sewer)
  A killer bee zombie (D:7)
  A hound zombie (D:5)
  19 gnolls
  12 adders
  2 river rats (Sewer)
  An ufetubus (D:5)
  A worm (D:2)
  A dart slug (D:1)
  41 orcs
  3 ball pythons
  7 bats
  9 endoplasms
  5 giant cockroaches
  6 goblins
  8 hobgoblins
  2 jackals (D:2)
  33 kobolds
  A quokka (D:2)
  4 frilled lizards (D:1)
  13 rats
286 creatures vanquished.

Vanquished Creatures (others)
  A wizard (D:5)
  35 plants
36 creatures vanquished.

Grand Total: 322 creatures vanquished

Notes
Turn   | Place    | Note
-------+----------+-------------------------------------------
     0 | D:1      | diceflayer the Minotaur Fighter began the quest for the
                  | Orb.
     0 | D:1      | Reached XP level 1. HP: 19/19 MP: 0/0
   174 | D:1      | Found Ziwu's Antique Armour Shoppe.
   179 | D:1      | Reached XP level 2. HP: 27/27 MP: 1/1
   181 | D:1      | Reached skill level 1 in Dodging
   263 | D:1      | Found Segalea's Assorted Antiques.
   425 | D:1      | Found a faded altar of an unknown god.
   528 | D:1      | Reached XP level 3. HP: 33/33 MP: 2/2
   786 | D:2      | Identified the +7 trident of Dick {holy, rC+ Str+3 Dex+2}
   809 | D:2      | Reached skill level 3 in Axes
   858 | D:2      | Reached skill level 1 in Stealth
   887 | D:2      | Found Zexu Asm's General Store.
  1053 | D:2      | Reached XP level 4. HP: 40/40 MP: 3/3
  1054 | D:2      | Noticed an ogre
  1057 | D:2      | Killed an ogre
  1058 | D:2      | Reached XP level 5. HP: 23/47 MP: 4/4
  1636 | D:3      | Found a sacrificial altar of Ru.
  2772 | D:4      | Noticed a black bear
  2787 | D:3      | Reached skill level 4 in Axes
  2787 | D:3      | Reached XP level 6. HP: 55/55 MP: 5/5
  2897 | D:3      | Reached skill level 5 in Fighting
  2900 | D:3      | Reached skill level 5 in Armour
  3440 | D:4      | Reached XP level 7. HP: 61/61 MP: 6/6
  3766 | D:4      | Reached skill level 5 in Axes
  4278 | D:5      | Entered Level 5 of the Dungeon
  4279 | D:5      | Noticed Menkaure
  4280 | D:5      | Found a bloodstained altar of Trog.
  4285 | D:5      | Killed Menkaure
  4294 | D:5      | Reached XP level 8. HP: 70/70 MP: 7/7
  4653 | D:5      | Reached skill level 6 in Axes
  4836 | D:5      | Found a staircase to the Ecumenical Temple.
  4874 | D:5      | Noticed a wizard
  4876 | D:5      | Killed a wizard
  4948 | D:5      | Reached skill level 5 in Dodging
  5009 | D:5      | Noticed Blork the orc
  5009 | D:5      | Noticed Prince Ribbit
  5015 | D:5      | Killed Prince Ribbit
  5025 | D:5      | Killed Blork the orc
  5133 | D:5      | Noticed Pikel
  5145 | D:5      | Killed Pikel
  5146 | D:5      | Reached skill level 7 in Axes
  5146 | D:5      | Reached skill level 5 in Stealth
  5146 | D:5      | Reached XP level 9. HP: 45/80 MP: 8/8
  5396 | D:5      | Identified the +0 short sword of the Ghost {protect, Str+3}
  5463 | Temple   | Entered the Ecumenical Temple
  5571 | Temple   | Became a worshipper of Warmaster Okawaru
  5679 | D:6      | Found a glowing drain.
  5706 | Sewer    | Entered a sewer
  5933 | D:6      | Reached * piety under Okawaru
  5934 | D:6      | Reached skill level 8 in Axes
  6145 | D:6      | Noticed Sigmund
  6151 | D:6      | Killed Sigmund
  6687 | D:7      | Found a hide-covered altar of Uskayaw.
  6988 | D:7      | Noticed a troll
  6999 | D:7      | Killed a troll
  7495 | D:7      | Reached skill level 9 in Axes
  7517 | D:7      | Reached XP level 10. HP: 77/88 MP: 9/9
  7524 | D:7      | Reached ** piety under Okawaru
  7549 | D:7      | Reached skill level 10 in Axes
  7568 | D:7      | Noticed a two-headed ogre
  7574 | D:7      | Killed a two-headed ogre
  7575 | D:7      | Reached skill level 11 in Axes
  7965 | D:8      | Noticed Psyche
  7975 | D:8      | Killed Psyche
  7975 | D:8      | Reached *** piety under Okawaru
  8028 | D:8      | Reached skill level 12 in Axes
  8226 | D:8      | Found a blossoming altar of Fedhas.
  8277 | D:8      | Noticed Harold
  8286 | D:8      | Killed Harold
  8286 | D:8      | Reached **** piety under Okawaru
  8287 | D:8      | Reached skill level 13 in Axes
  8374 | D:8      | Noticed Maggie
  8388 | D:8      | Killed Maggie
  8819 | D:9      | Found a staircase to the Lair.
  8827 | D:9      | Identified the +2 long sword of Evil {distort, Will+ rCorr
                  | Dex+4 Stlth+}
  8919 | D:9      | Noticed a seven-headed hydra
  8919 | D:9      | Noticed a manticore
  8919 | D:9      | Noticed a brown ugly thing
  8919 | D:9      | Noticed a tengu warrior
  8932 | D:9      | Noticed a brown ugly thing
  8932 | D:9      | Noticed a manticore
  8937 | D:9      | Noticed a death knight
  9093 | D:9      | Reached skill level 14 in Axes
  9103 | D:9      | Received a gift from Okawaru
  9104 | D:9      | Reached XP level 11. HP: 94/94 MP: 10/10
  9338 | D:10     | Entered Level 10 of the Dungeon
  9366 | D:10     | Noticed a two-headed ogre
  9376 | D:10     | Killed a two-headed ogre
  9444 | D:10     | Received a gift from Okawaru
  9520 | D:10     | Noticed Joseph
  9533 | D:10     | Noticed Nergalle
  9604 | D:10     | Noticed a spectral orc warlord
  9857 | D:10     | Killed Nergalle
  9858 | D:10     | Reached ***** piety under Okawaru
  9891 | D:10     | Killed Joseph
 10205 | D:10     | Noticed Maurice
 10217 | D:10     | Killed Maurice
 10218 | D:10     | Reached skill level 10 in Stealth
 10511 | D:11     | Noticed a brown ugly thing
 10530 | D:11     | Killed a brown ugly thing
 10555 | D:11     | Found a staircase to the Orcish Mines.
 10578 | D:11     | Noticed a boulder beetle
 10591 | D:11     | Killed a boulder beetle
 10591 | D:11     | Received a gift from Okawaru
 10620 | D:11     | Reached skill level 10 in Fighting
 10701 | D:11     | Noticed a green ugly thing
 10713 | D:11     | Killed a green ugly thing
 10845 | D:12     | Noticed a boulder beetle
 10861 | D:12     | Killed a boulder beetle
 10950 | D:12     | Reached XP level 12. HP: 96/107 MP: 11/11
 10971 | D:12     | Found a runed translucent door.
 10971 | D:12     | Found a shimmering altar of Xom.
 10971 | D:12     | Identified the +8 battleaxe of Eternity {chaos, rN+ Will+
                  | Str+5}
 10971 | D:12     | Noticed Manslay's ghost (journeyman OpCj)
 10981 | D:12     | Identified the +1 broad axe of Glory {freeze, Int+5}
                  | (Okawaru gifted it to you on level 12 of the Dungeon)
 10981 | D:12     | Received a gift from Okawaru
 10998 | D:12     | Slain by a +8 battleaxe of Eternity {chaos, rN+ Will+
                  | Str+5}

Illustrated notes

Levels and vault maps discovered:
D:1:      onia_arrival_mini_maze_b, layout_basic, serial_shops, shop, shop,
          basic_ecumenical_altar
D:2:      layout_loops_cross, serial_shops, shop
D:3:      layout_basic, nicolae_ru_great_annihilating_truth, kennysheep_doodads
D:4:      layout_basic, skrybe_limestone_x, serial_bayou_lagoon_b
D:5:      kennysheep_kobold_camp, layout_loops_ring, trog_wizard,
          temple_statues, uniq_pikel, uniq_blork_the_orc, uniq_menkaure,
          uniq_prince_ribbit1
D:6:      layout_loops_ring, gup_sewer_entry_glass, minmay_strange_pillars,
          small_statue_intersection, uniq_sigmund
D:7:      cheibrodos_barr_body, layout_loops_corners,
          mainiacjoe_overflow_concentric_impassable
D:8:      layout_basic, general_overflow_altar, nrook_loot_triangle,
          dk_noncrumbling_3, uniq_maggie, uniq_psyche, uniq_harold
D:9:      layout_roguey, david_lair_shrubbed, minivault_12
D:10:     layout_irregular_city, uniq_nergalle, uniq_joseph, uniq_maurice
D:11:     layout_basic, orc_0_dummy
D:12:     layout_loops_corners, ebering_ghost_xom
Temple:   mainiacjoe_temple_coin_purse

Skill      XL: |  1  2  3  4  5  6  7  8  9 10 11 |
---------------+----------------------------------+-----
Dodging        | 1 2 3 4 5 |  5.0
Fighting       | 4 5 6 7 8 10 | 10.5
Axes           | 3 4 5 7 9 14 | 14.0
Armour         | 4 5 6 7 8 |  8.0
Stealth        | 1 2 3 5 7 10 | 10.0
Crossbows      | 3 |  3.9
Shields        | |  3.6

Action                   |  1- 3 |  4- 6 |  7- 9 | 10-12 || total
-------------------------+-------+-------+-------+-------++-------
Melee: War axe           |    48 |       |       |       ||    48
       Headbutt          |     7 |     5 |    38 |    71 ||   121
       Trident           |    19 |    85 |   263 |   367 ||   734
Invok: Heroism           |       |       |       |     1 ||     1
  Use: Scroll            |       |       |     5 |       ||     5
       Potion            |       |       |       |     2 ||     2
 Stab: Paralysed         |       |     1 |       |       ||     1
       Sleeping          |       |       |     1 |    10 ||    11
       Distracted        |       |       |     1 |     1 ||     2
Armor: Scale mail        |    33 |    40 |    69 |       ||   142
       Troll leather arm |       |       |       |    77 ||    77
Dodge: Dodged            |    40 |    33 |    96 |   136 ||   305
Block: Buckler           |    11 |    15 |    33 |    62 ||   121
